 Dungeon Crawl Stone Soup version 0.30-a0-870-gc5d4c5acee (webtiles) character file.

Game seed: 15230982005656767829

26703 Newt the Markskobold (level 13, -7/72 HPs)
             Began as a Kobold Hunter on Mar 12, 2023.
             Was a High Priest of Hepliaklqana.
             Killed from afar by a rime drake (12 damage)
             ... with an icy flash freeze
             ... while petrified by a catoblepas
             ... on level 4 of the Lair of Beasts.
             The game lasted 00:20:17 (15139 turns).

Newt the Markskobold (Kobold Hunter)               Turns: 15139, Time: 00:20:18

Health: -7/72      AC: 12    Str:  9    XL:     13   Next: 60%
Magic:  23/23      EV:  3    Int: 10    God:    Hepliaklqana [*****.]
Gold:   1619       SH:  0    Dex: 39    Spells: 14/25 levels left

rFire   . . .      SeeInvis +    N - +4 triple crossbow (freeze)
rCold   . . .      Faith    .    (shield currently unavailable)
rNeg    + + +      Spirit   .    y - +1 robe "Banelez" {Fly Will- Str-3 Dex+8}
rPois   ∞          Reflect  .    c - +1 helmet {SInv}
rElec   .          Rampage  .    w - +1 cloak {rPois}
rCorr   .          Archmagi +    M - +0 pair of gloves
Will    .....                    D - +0 pair of boots
Stlth   ++++                     d - amulet of Ruttew {Acrobat Str+3 Dex+2}
HPRegen 0.32/turn                W - ring of Udwic {AC+4 Dex+6}
MPRegen 0.18/turn                X - ring of the Mage {Wiz Archmagi}

@: petrified, flying, studying Short Blades
A: reduced essence, small, no large weapons, nightstalker 3, deformed body,
mutation resistance 1, poison resistance
a: Renounce Religion, Recall Ancestor, Ancestor Identity, Transference, Idealise


You were on level 4 of the Lair of Beasts.
You worshipped Hepliaklqana.
Hepliaklqana was extremely pleased with you.
You visited 3 branches of the dungeon, and saw 16 of its levels.
You also visited: Gauntlet.

You collected 2093 gold pieces.
You spent 474 gold pieces at shops.

Inventory:

Hand Weapons
 N - a +4 triple crossbow of freezing (weapon)
Missiles
 x - 5 boomerangs of dispersal
Armour
 c - a +1 helmet of see invisible (worn)
 o - a +2 helmet
 w - a +1 cloak of poison resistance (worn)
 y - the +1 robe "Banelez" (worn) {Fly Will- Str-3 Dex+8}
   (You bought it in a shop on level 4 of the Dungeon)

   Str:       It affects your strength (-3).
   Dex:       It affects your dexterity (+8).
   Fly:       It grants you flight.
   Will:      It decreases your willpower.
 D - a +0 pair of boots (worn)
 G - a +2 robe of willpower
 L - +0 ice dragon scales
 M - a +0 pair of gloves (worn)
Jewellery
 d - the amulet of Ruttew (around neck) {Acrobat Str+3 Dex+2}
   (You found it on level 3 of the Lair of Beasts)

   [amulet of the acrobat]

   It increases your evasion while moving and waiting.
   Str:       It affects your strength (+3).
   Dex:       It affects your dexterity (+2).
 p - an amulet of magic regeneration
 s - a ring of protection from cold
 I - a ring of resist corrosion
 O - the ring "Xutobrirgh" {rC+ Int+3 Slay-2 SInv}
   (You found it in a Gauntlet)

   [ring of protection from cold]

   Int:       It affects your intelligence (+3).
   Slay:      It affects your accuracy & damage with ranged weapons and melee
   (-2).
   rC:        It protects you from cold.
   SInv:      It lets you see invisible.
 W - the ring of Udwic (left hand) {AC+4 Dex+6}
   (You found it in a Gauntlet)

   [ring of protection]

   AC:        It affects your AC (+4).
   Dex:       It affects your dexterity (+6).
 X - the ring of the Mage (right hand) {Wiz Archmagi}
   (You found it in a Gauntlet)

   [ring of wizardry]

   It improves your spell success rate.
   Archmagi:  It increases the power of your magical spells.
Wands
 t - a wand of acid (27)
 z - a wand of paralysis (12)
 C - a wand of flame (14)
 J - a wand of iceblast (22)
 S - a wand of mindburst (4)
 T - a wand of polymorph (8)
Scrolls
 a - a scroll of poison
 b - 3 scrolls of immolation
 k - a scroll of brand weapon
 l - 7 scrolls of teleportation
 v - 3 scrolls of amnesia
 B - 3 scrolls of identify
 U - a scroll of blinking
Potions
 f - a potion of magic
 g - 8 potions of curing
 h - 7 potions of flight
 j - a potion of ambrosia
 m - 5 potions of cancellation
 n - 5 potions of invisibility
 q - 4 potions of lignification
 r - 2 potions of heal wounds
 A - 4 potions of might
 E - a potion of berserk rage
 K - 2 potions of resistance
 P - a potion of haste
 Q - 3 potions of brilliance
Miscellaneous
 F - a box of beasts
 H - a phial of floods


   Skills:
 + Level 9.0 Fighting
 - Level 15.0 Ranged Weapons
 - Level 10.0 Dodging
 - Level 1.3 Stealth
 - Level 6.7 Spellcasting
 - Level 10.0 Ice Magic
 - Level 10.0 Invocations
 - Level 6.0 Evocations


You had 14 spell levels left.
You knew the following spells:

 Your Spells              Type           Power      Damage    Failure   Level
a - Frozen Ramparts       Ice            70%        1d11      1%          3
b - Ozocubu's Armour      Ice            35%        N/A       1%          3
c - Metabolic Englaciati  Hex/Ice        10%        N/A       26%         5

Your spell library contained the following spells:

 Spells                   Type           Power      Damage    Failure   Level
 Freeze                   Ice            100%       1d10      1%          1
 Hailstorm                Conj/Ice       20%        3d6       3%          3
 Foxfire                  Conj/Fire      20%        2x1d5     8%          1
 Blink                    Tloc           10%        N/A       12%         2
 Lesser Beckoning         Tloc           10%        N/A       12%         2
 Momentum Strike          Conj/Tloc      10%        3d8       12%         2
 Inner Flame              Hex/Fire       5%         N/A       22%         3
 Anguish                  Hex/Necr       2%         N/A       56%         4
 Cause Fear               Hex            2%         N/A       56%         4
 Leda's Liquefaction      Hex/Erth       2%         N/A       56%         4
 Manifold Assault         Tloc           5%         N/A       56%         4
 Petrify                  Tmut/Erth      5%         N/A       56%         4
 Simulacrum               Ice/Necr       10%        N/A       80%         6
 Summon Forest            Summ/Tloc      2%         N/A       88%         5
 Summon Mana Viper        Hex/Summ       5%         N/A       88%         5
 Yara's Violent Unravell  Hex/Tmut       2%         3d3       88%         5
 Dispersal                Tloc           2%         N/A       100%        6
 Statue Form              Tmut/Erth      3%         N/A       100%        6
 Summon Cactus Giant      Summ           2%         N/A       100%        6
 Enfeeble                 Hex            2%         N/A       100%        7
 Orb of Destruction       Conj           2%         9d5       100%        7
 Discord                  Hex            2%         N/A       100%        8
 Disjunction              Tloc           2%         N/A       100%        8


Dungeon Overview and Level Annotations

Branches:
Dungeon (11/15)            Temple (1/1) D:5            Lair (4/5) D:10
  Swamp (0/4) Lair:3        Snake (0/4) Lair:3          Orc (0/2) D:9
Gauntlet (visited)
  Slime: Lair:4-5

Altars:
Ashenzari
Cheibriados
Dithmenos
Elyvilon
Fedhas
Gozag
Hepliaklqana
Kikubaaqudgha
Makhleb
Nemelex Xobeh
Okawaru
Qazlal
Ru
Sif Muna
Trog
Uskayaw
Vehumet
Wu Jian
Xom
Yredelemnul
Zin
The Shining One

Shops:
D:4 *   D:11 [??


Innate Abilities, Weirdness & Mutations

Your life essence is reduced to manifest your ancestor. (-10% HP)
You are small and have problems with some larger weapons.
You are completely attuned to the shadows.
Armour fits poorly on your strangely shaped body.
You are somewhat resistant to further mutation.
Your system is resistant to poisons. (rPois)


Message History

The catoblepas gores you!
The water moccasin bites you but does no damage.
The water moccasin barely misses you. The catoblepas gores you.
The water moccasin bites you.
Yamquzzuhalamma hits the bush with a +0 flail.
The catoblepas gores you!!
The rime drake bites you but does no damage.
The water moccasin barely misses you. The rime drake breathes ice at you.
The icy flash freeze hits you!
You are encased in ice.
The water moccasin bites you but does no damage.
Yamquzzuhalamma hits the bush with a +0 flail.
The catoblepas gores you but does no damage.
You hear a roar!
You hear a bleat!
The water moccasin bites you.
The rime drake bites you but does no damage.
The catoblepas gores you!!
* * * LOW HITPOINT WARNING * * *
The ice encasing you melts away. The water moccasin bites you.
Yamquzzuhalamma hits the bush but does no damage.
The rime drake bites you but does no damage.
The catoblepas gores you.
* * * LOW HITPOINT WARNING * * *
The water moccasin bites you.
* * * LOW HITPOINT WARNING * * *
The rime drake bites you but does no damage.
The water moccasin bites you.
* * * LOW HITPOINT WARNING * * *
Yamquzzuhalamma hits the bush with a +0 flail!
The catoblepas gores you but does no damage.
The rime drake bites you.
The water moccasin bites you but does no damage.
The catoblepas gores you!
* * * LOW HITPOINT WARNING * * *
The rime drake breathes ice at you. The icy flash freeze hits you!!
You die...

#...# ##..# ##.#
....... #..
#...⌠.#.##...#.## #.#
#.....#.##......###.#
..(..........P.# #P..
#.kSY.##....<.####..
#+@+###....##..#..#
#.PR.###..........#
#..................#
##P.................
##.................
#.................
#..................
#...P.............†
.........P........


You could see the friendly Yamquzzuhalamma the knight, a catoblepas (ally
target), a rime drake (catching breath) and a water moccasin.

Vanquished Creatures
  A minotaur (Gauntlet)
  A catoblepas (D:10)
  2 boulder beetles
  A centaur warrior (D:8)
  2 two-headed ogres (D:9)
  An obsidian statue (Gauntlet)
  An oklob plant (Lair:2)
  3 cane toads
  A kobold demonologist (D:8)
  A rime drake (Lair:2)
  An unseen horror (D:10)
  6 komodo dragons
  2 polar bears (Lair:3)
  The ghost of luigi the Sneak, a novice FeDe of Ashenzari (D:7)
  2 hornets
  A tyrant leech (Gauntlet)
  3 blink frogs (Lair:1)
  A shadow (D:9)
  25 yaks
  Eustachio (D:5)
  A basilisk (Lair:1)
  6 wyverns
  2 chaos spawn (Gauntlet)
  5 vampire mosquitoes
  A neqoxec (Gauntlet)
  A steam dragon (Lair:3)
  2 wargs (D:8)
  2 two-headed ogre zombies (D:9)
  8 swamp worms
  7 water moccasins
  3 orc warriors
  3 ice beasts (D:7)
  3 sky beasts
  6 ogres
  4 centaurs
  2 phantoms (D:9)
  9 kobold brigands
  Blork the orc (D:6)
  9 bullfrogs
  2 gnoll sergeants
  3 scorpions
  3 wights (D:7)
  2 troll zombies (D:9)
  7 killer bees (D:10)
  8 howler monkeys
  A jelly (D:4)
  6 hounds
  Crazy Yiuf (D:5)
  2 gnoll boudas
  8 orc priests
  4 iguanas
  17 orc wizards
  3 ogre zombies (D:9)
  15 gnolls
  10 adders
  2 shadow imps
  A white imp (D:4)
  An ufetubus (D:4)
  3 dart slugs
  44 orcs
  6 bats
  6 endoplasms
  2 giant cockroaches (D:4)
  3 hobgoblins
  2 jackals (D:2)
  2 quokkas
  5 ball pythons
  2 frilled lizards
  5 goblins
  5 goblin zombies (D:9)
  3 hobgoblin zombies (D:9)
  21 kobolds
  4 orc skeletons (D:9)
  11 orc zombies (D:9)
  3 rats
  3 briar patches (Lair:3)
358 creatures vanquished.

Vanquished Creatures (collateral kills)
  A boulder beetle (D:8)
  A black mamba (Lair:2)
  A rime drake (Lair:3)
  2 komodo dragons
  A blink frog (Lair:1)
  4 yaks
  A swamp worm (Gauntlet)
  An ogre (D:8)
  A kobold brigand (D:8)
  A wight (D:7)
  A killer bee (D:10)
  A howler monkey (D:8)
  2 hounds (D:8)
  An orc priest (D:8)
  An orc wizard (D:8)
  An ogre zombie (D:9)
  3 gnolls
  A hobgoblin skeleton (D:9)
  4 kobolds (D:8)
  4 briar patches (Lair:3)
  A butterfly (Lair:4)
34 creatures vanquished.

Vanquished Creatures (others)
  An ancestor (D:8)
  A knight (D:9)
  A kobold (D:8)
  A briar patch (Lair:3)
  5 fungi
  13 plants
22 creatures vanquished.

Grand Total: 414 creatures vanquished

Notes
Turn   | Place    | Note
-------+----------+-------------------------------------------
     0 | D:1      | Newt the Kobold Hunter began the quest for the Orb.
     0 | D:1      | Reached XP level 1. HP: 12/12 MP: 1/1
   559 | D:1      | Reached XP level 2. HP: 18/18 MP: 2/2
   903 | D:2      | Reached XP level 3. HP: 24/24 MP: 3/3
  1060 | D:2      | Reached XP level 4. HP: 30/30 MP: 4/4
  1637 | D:3      | Reached skill level 5 in Fighting
  1656 | D:3      | Found a blossoming altar of Fedhas.
  1663 | D:3      | Found a stormy altar of Qazlal.
  1666 | D:3      | Reached XP level 5. HP: 35/35 MP: 5/5
  2183 | D:3      | Reached skill level 6 in Ranged Weapons
  3002 | D:4      | Reached skill level 7 in Ranged Weapons
  3030 | D:4      | Noticed a bullfrog
  3037 | D:4      | Reached XP level 6. HP: 37/40 MP: 6/6
  3076 | D:4      | Reached skill level 8 in Ranged Weapons
  3103 | D:4      | Found a basalt altar of Yredelemnul.
  3287 | D:4      | Found Cayd's General Store.
  3294 | D:4      | Bought 3 stones for 3 gold pieces
  3294 | D:4      | Bought the +1 robe "Banelez" {Fly Will- Str-3 Dex+8} for
                  | 232 gold pieces
  3524 | D:4      | Reached XP level 7. HP: 44/44 MP: 7/7
  3573 | D:5      | Entered Level 5 of the Dungeon
  3586 | D:4      | Reached skill level 9 in Ranged Weapons
  3771 | D:5      | Noticed Eustachio
  4145 | D:5      | Reached skill level 10 in Ranged Weapons
  4561 | D:5      | Reached XP level 8. HP: 49/49 MP: 8/8
  4571 | D:5      | Reached skill level 5 in Dodging
  4601 | D:5      | Found a runed translucent door.
  4604 | D:5      | Noticed Crazy Yiuf
  4695 | D:5      | Found a staircase to the Ecumenical Temple.
  4709 | Temple   | Entered the Ecumenical Temple
  4875 | Temple   | Became a worshipper of Hepliaklqana the Forgotten
  4999 | D:5      | Killed Eustachio
  5408 | D:5      | Killed Crazy Yiuf
  5409 | D:5      | Reached skill level 1 in Evocations
  5509 | D:6      | Found an ornate altar of the Wu Jian Council.
  5538 | D:6      | Found a sacrificial altar of Ru.
  5830 | D:6      | Noticed Blork the orc
  5834 | D:6      | Killed Blork the orc
  5868 | D:6      | Found a broken altar of Ashenzari.
  6090 | D:6      | Reached skill level 5 in Evocations
  6090 | D:6      | Reached XP level 9. HP: 54/54 MP: 9/9
  6206 | D:7      | Reached * piety under Hepliaklqana
  6484 | D:7      | Reached skill level 11 in Ranged Weapons
  6579 | D:7      | Noticed a hornet
  6581 | D:7      | Killed a hornet
  6582 | D:7      | Reached skill level 12 in Ranged Weapons
  6864 | D:7      | Reached skill level 13 in Ranged Weapons
  7171 | D:7      | Found a runed translucent door.
  7171 | D:7      | Noticed luigi's ghost (novice FeDe)
  7180 | D:7      | Killed luigi's ghost
  7181 | D:7      | Reached XP level 10. HP: 53/53 MP: 10/10
  7467 | D:8      | Reached skill level 14 in Ranged Weapons
  7479 | D:8      | Noticed a boulder beetle
  7486 | D:8      | Noticed a centaur warrior
  7510 | D:8      | Killed a centaur warrior
  7511 | D:8      | Reached skill level 15 in Ranged Weapons
  7511 | D:8      | Reached skill level 1 in Spellcasting
  7511 | D:8      | Reached skill level 1 in Ice Magic
  7528 | D:8      | Killed a boulder beetle
  7590 | D:8      | Noticed a boulder beetle
  7604 | D:8      | Killed a boulder beetle
  7647 | D:8      | Learned a level 3 spell: Frozen Ramparts
  7656 | D:8      | Reached ** piety under Hepliaklqana
  7657 | D:8      | Remembered your ancestor Yamquzzuhalamma as a knight
  7743 | D:8      | Reached XP level 11. HP: 56/56 MP: 16/18
  7817 | D:8      | Reached skill level 5 in Spellcasting
  7817 | D:8      | Reached skill level 5 in Ice Magic
  8151 | D:8      | Got Utret's Annotations on the Violent Wyrd
  9032 | D:9      | Noticed a two-headed ogre
  9039 | D:9      | Killed a two-headed ogre
  9190 | D:9      | Noticed a two-headed ogre
  9201 | D:9      | Killed a two-headed ogre
  9362 | D:9      | Found a staircase to the Orcish Mines.
  9373 | D:9      | Reached XP level 12. HP: 61/61 MP: 22/22
  9412 | D:9      | You are sucked into a shaft and drop 2 floors!
  9413 | D:11     | Found Ugoel's Armour Boutique.
  9413 | D:11     | Found Lutan's Magic Scroll Shoppe.
  9425 | D:11     | Bought a scroll of enchant weapon for 97 gold pieces
  9425 | D:11     | Bought a scroll of identify for 26 gold pieces
  9425 | D:11     | Bought a scroll of identify for 26 gold pieces
  9724 | D:11     | Found Ycwyusaq's Magic Scroll Boutique.
  9729 | D:11     | Bought a scroll of enchant weapon for 90 gold pieces
  9788 | D:11     | Reached skill level 10 in Ice Magic
 10055 | D:11     | Reached *** piety under Hepliaklqana
 10186 | D:10     | Entered Level 10 of the Dungeon
 10632 | D:10     | Identified a scroll of acquirement
 10634 | D:10     | Acquired a +2 triple crossbow of freezing
 10815 | D:10     | Found a bloodstained altar of Trog.
 11031 | D:10     | Noticed a catoblepas
 11036 | D:10     | Killed a catoblepas
 11145 | D:10     | Found a staircase to the Lair.
 11182 | D:10     | Identified the +7 ring mail of Valiance {rElec rN+ Int+3
                  | Dex+3}
 11480 | Lair:1   | Entered Level 1 of the Lair of Beasts
 11480 | Lair:1   | Reached **** piety under Hepliaklqana
 11487 | Lair:1   | Reached skill level 10 in Dodging
 11730 | Lair:1   | Learned a level 3 spell: Ozocubu's Armour
 11801 | Lair:1   | Found a transporter.
 11805 | Lair:1   | Found a transporter.
 12170 | Lair:1   | Noticed a boulder beetle
 12180 | Lair:1   | Killed a boulder beetle
 12186 | Lair:1   | Identified the +6 dagger of Slimy Action {flame, rN+ Int+3
                  | Dex+2}
 12277 | Lair:2   | Reached XP level 13. HP: 72/72 MP: 23/23
 12966 | Lair:3   | Reached skill level 5 in Invocations
 12975 | Lair:3   | Found a staircase to the Swamp.
 13000 | Lair:3   | Found a gate leading to a gauntlet.
 13008 | Gauntlet | Entered a Gauntlet
 13008 | Gauntlet | Found a transporter.
 13008 | Gauntlet | Found a transporter.
 13027 | Gauntlet | Noticed a catoblepas
 13032 | Gauntlet | Found a transporter.
 13040 | Gauntlet | Found a transporter.
 13062 | Gauntlet | Found a transporter.
 13072 | Gauntlet | Found a transporter.
 13160 | Gauntlet | Found a transporter.
 13168 | Gauntlet | Found a transporter.
 13173 | Gauntlet | Found a large runed translucent door.
 13173 | Gauntlet | Found a large runed translucent door.
 13174 | Gauntlet | Found a large runed translucent door.
 13174 | Gauntlet | Found a large runed translucent door.
 13178 | Gauntlet | Found a large runed translucent door.
 13178 | Gauntlet | Found a large runed translucent door.
 13179 | Gauntlet | Found a large runed translucent door.
 13180 | Gauntlet | Found a large runed translucent door.
 13181 | Gauntlet | Found a large runed translucent door.
 13181 | Gauntlet | Found a large runed translucent door.
 13191 | Gauntlet | Found a runed translucent gate.
 13192 | Gauntlet | Found a transporter.
 13202 | Gauntlet | Found a transporter.
 13232 | Gauntlet | Found a runed translucent gate.
 13232 | Gauntlet | Found a runed translucent gate.
 13246 | Gauntlet | Found a runed translucent door.
 13290 | Gauntlet | Found a transporter.
 13313 | Gauntlet | Found a transporter.
 13322 | Gauntlet | Found a transporter.
 13322 | Gauntlet | Found a transporter.
 13324 | Gauntlet | Found the ring of the Mage {Wiz Archmagi}
 13347 | Gauntlet | Found a transporter.
 13349 | Gauntlet | Reached ***** piety under Hepliaklqana
 13367 | Gauntlet | Found a transporter.
 13416 | Gauntlet | Noticed a dire elephant
 13577 | Gauntlet | Found a large runed translucent door.
 13577 | Gauntlet | Found a large runed translucent door.
 13578 | Gauntlet | Found a runed translucent door.
 13584 | Gauntlet | Found a large runed translucent door.
 13584 | Gauntlet | Found a large runed translucent door.
 13585 | Gauntlet | Found a large runed translucent door.
 13601 | Gauntlet | Identified the ring of Udwic {AC+4 Dex+6}
 13605 | Gauntlet | Found a large runed translucent door.
 13663 | Gauntlet | Learned a level 5 spell: Metabolic Englaciation
 13684 | Gauntlet | Identified the +6 short sword of Intuition {holy, rN+ Str+2
                  | Int+3}
 13684 | Gauntlet | Noticed a minotaur
 13688 | Gauntlet | Killed a minotaur
 13714 | Gauntlet | Got the Vademecum on Hexes
 13728 | Gauntlet | Acquired 1177 gold pieces
 13739 | Gauntlet | Identified the ring "Xutobrirgh" {rC+ Int+3 Slay-2 SInv}
 13739 | Gauntlet | Identified the +2 kite shield of Moral Flaws {rElec rPois
                  | Int+3}
 13758 | Lair:3   | Gained mutation: You have sharp toenails. [potion of
                  | mutation]
 13758 | Lair:3   | Gained mutation: You possess an exceptional clarity of
                  | mind. [potion of mutation]
 13758 | Lair:3   | Lost mutation: You possess an exceptional clarity of mind.
                  | [potion of mutation]
 13759 | Lair:3   | Lost mutation: You have sharp toenails. [potion of
                  | mutation]
 13759 | Lair:3   | Gained mutation: Armour fits poorly on your strangely
                  | shaped body. [potion of mutation]
 13760 | Lair:3   | Lost mutation: Armour fits poorly on your strangely shaped
                  | body. [potion of mutation]
 13760 | Lair:3   | Gained mutation: You are robust. (+10% HP) [potion of
                  | mutation]
 13760 | Lair:3   | Lost mutation: You are robust. (+10% HP) [potion of
                  | mutation]
 13761 | Lair:3   | Gained mutation: Armour fits poorly on your strangely
                  | shaped body. [potion of mutation]
 13761 | Lair:3   | Gained mutation: You are somewhat resistant to further
                  | mutation. [potion of mutation]
 13761 | Lair:3   | Gained mutation: Your system is resistant to poisons.
                  | (rPois) [potion of mutation]
 13784 | Lair:3   | Found a transporter.
 13860 | Lair:3   | Found a transporter.
 13968 | Lair:3   | Found a staircase to the Snake Pit.
 14660 | Lair:3   | Identified the amulet of Ruttew {Acrobat Str+3 Dex+2}
 15069 | Lair:4   | Reached skill level 10 in Invocations
 15127 | Lair:4   | Noticed a catoblepas
 15139 | Lair:4   | Killed from afar by a rime drake

Illustrated notes

Levels and vault maps discovered:
D:1:      psy_arrival_radial01, layout_basic
D:2:      layout_loops_cross, hangedman_abyss_or_decor_lesser_grid
D:3:      layout_loops_ring, grunt_temple_overflow_forces_of_nature
D:4:      layout_loops_ring, mainiacjoe_overflow_chevrons, serial_shops, shop
D:5:      layout_basic, minmay_temple_entry_grid, uniq_crazy_yiuf_cottage,
          uniq_eustachio
D:6:      layout_cave_pools, kennysheep_little_box,
          mainiacjoe_overflow_large_starburst, uniq_blork_the_orc
D:7:      layout_basic, gammafunk_ghost_grave
D:8:      lemuel_castle_with_subvaults [lemuel_castle_interior_carwin_1],
          layout_cave_pods, minmay_manual_mail
D:9:      layout_basic, zombieorc2_lemuel, dk_rats_in_the_wall
D:10:     layout_basic, overflow_temple_1_default, lair_entry_dummy,
          minmay_misc_feat_cross, minivault_10, serial_park_tiny_pond,
          chequers_serial_rivers_micro_a, serial_park_tiny_2
D:11:     layout_long_grid, serial_shops, shop, nicolae_lakefront_shop,
          nicolae_stop_n_shop_2
Temple:   regret_index_temple_waves
Lair:1:   gammafunk_boulding_lane, layout_misc_corridors, beast_lair_carwin_9
Lair:2:   layout_hall_layers, cheibrodos_lair_caveside_slide
Lair:3:   gammafunk_worm_tunnel, layout_misc_corridors,
          minmay_swamp_entry_swarm, dummy_snake_entry, gauntlet_entry_generic
Lair:4:   layout_loops_ring, serial_bayou_ford_a, lemuel_fruit_fields,
          serial_bayou_shore_b, serial_bayou_shore_b, grunt_megastairs_1,
          lemuel_fruit_tree

Skill      XL: |  1  2  3  4  5  6  7  8  9 10 11 12 13 |
---------------+----------------------------------------+-----
Fighting       | 3 4 5 9 |  9.0
Ranged Weapons | 7 8 10 13 15 | 15.0
Dodging        | 4 7 10 | 10.0
Evocations     | 5 6 |  6.0
Spellcasting   | 4 6 |  6.7
Ice Magic      | 4 9 10 | 10.0
Invocations    | 2 10 | 10.0
Stealth        | |  1.3

Action                     |  1- 3 |  4- 6 |  7- 9 | 10-12 | 13-15 || total
---------------------------+-------+-------+-------+-------+-------++-------
   Fire: Shortbow          |    55 |   104 |   197 |   485 |       ||   841
         Triple crossbow   |       |       |       |    81 |    98 ||   179
   Cast: Frozen Ramparts   |       |       |       |    10 |     1 ||    11
         Ozocubu's Armour  |       |       |       |       |     1 ||     1
 Invoke: Ancestor Life: Kn |       |       |       |     1 |       ||     1
         Recall Ancestor   |       |       |       |     1 |       ||     1
  Evoke: Wand              |       |       |       |     2 |       ||     2
    Use: Scroll            |     3 |     3 |    12 |    10 |     6 ||    34
         Potion            |       |     2 |       |       |     4 ||     6
 Armour: Leather armour    |     6 |     3 |       |       |       ||     9
         Robe              |       |     1 |    33 |    27 |    16 ||    77
  Dodge: Dodged            |    15 |    35 |   100 |   194 |    52 ||   396

Table legend: (Time is in decaauts)
 A = Elapsed time spent in this place.
 B = Non-inter-level travel time spent in this place.
 C = Inter-level travel time spent in this place.
 D = Time resting spent in this place.
 E = Time spent auto-exploring this place.
 F = Levels seen in this place.
 G = Mean time per level.
                   A        B        C        D        E       F      G
               +--------+--------+--------+--------+--------+-----+--------+
         Total |  15150 |  14442 |    708 |   2200 |  10110 |  17 |  891.2 |
       Dungeon |  11224 |  10627 |    597 |   1534 |   7735 |  11 | 1020.4 |
        Temple |    185 |    166 |     19 |      0 |    152 |   1 |  185.0 |
          Lair |   2991 |   2900 |     91 |    583 |   1880 |   4 |  747.8 |
      Gauntlet |    748 |    748 |      0 |     83 |    343 |   1 |  748.0 |
               +--------+--------+--------+--------+--------+-----+--------+

Top non-repeatable levels by time:
     D:8: 1486 daAuts
  Lair:3: 1347 daAuts
     D:3: 1329 daAuts
     D:4: 1294 daAuts
     D:5: 1126 daAuts
    D:10: 1069 daAuts
     D:7: 1067 daAuts
     D:1: 801 daAuts
     D:9: 796 daAuts
  Lair:1: 768 daAuts
    D:11: 765 daAuts
Gauntlet: 748 daAuts
     D:6: 745 daAuts
     D:2: 742 daAuts
  Lair:2: 715 daAuts
